 Dungeon Crawl Stone Soup version 0.22-a0-469-gf26638a (webtiles) character file.

182 KristoblXynda the Ruffian (level 5, -1/45 HPs)
             Began as a Troll Wizard on June 13, 2018.
             Slain by a bullfrog skeleton (3 damage)
             ... on level 4 of the Dungeon.
             The game lasted 00:03:53 (1770 turns).

KristoblXynda the Ruffian (Troll Wizard)            Turns: 1770, Time: 00:03:54

Health: -1/45      AC:  5    Str: 15    XL:     5   Next: 34%
Magic:  7/7        EV:  9    Int: 15    God:
Gold:   148        SH:  0    Dex:  8    Spells: 4/8 levels left

rFire    . . .     SeeInvis .     - Unarmed
rCold    . . .     Gourm    +   (no shield)
rNeg     . . .     Faith    .   a - +0 robe
rPois    .         Spirit   .   b - +0 hat
rElec    .         Reflect  .   (no cloak)
rCorr    .         Harm     .   (gloves unavailable)
MR       .....                  (boots unavailable)
Stlth    +.........             (no amulet)
HPRegen  0.55/turn              (no ring)
MPRegen  0.10/turn              (no ring)

@: no status effects
A: large, unfitting armour, claws 3, fast metabolism 3, gourmand, regeneration
1, shaggy fur 1, tough skin 2
a: no special abilities


You were on level 4 of the Dungeon.
You were very full.

You visited 1 branch of the dungeon, and saw 4 of its levels.

You collected 148 gold pieces.

Inventory:

Armour
 a - a +0 robe (worn)
 b - a +0 hat (worn)
Scrolls
 c - a scroll of amnesia {unknown}
 e - a scroll of random uselessness {unknown}
 f - 2 scrolls of identify
 j - a scroll of remove curse {unknown}
 k - a scroll of blinking {unknown}
 l - 3 scrolls of teleportation
 n - a scroll of fog {unknown}
 o - a scroll of immolation {unknown}
 p - a scroll of noise {unknown}
Potions
 g - a potion of magic {unknown}
 h - a potion of flight
 i - a potion of ambrosia
Comestibles
 d - 7 rations


   Skills:
 - Level 1.5 Dodging
 - Level 1.0 Stealth
 * Level 3.5 Unarmed Combat
 - Level 2.0 Spellcasting
 * Level 2.8 Conjurations
   Level 0.6 Summonings
   Level 0.6 Translocations


You had 4 spell levels left.
You knew the following spells:

 Your Spells              Type           Power        Failure   Level  Hunger
a - Magic Dart            Conj           #...         7%          1    #......
b - Mephitic Cloud        Conj/Pois/Air  #.......     41%         3    ###....

Your spell library contained the following spells:

 Spells                   Type           Power        Failure   Level  Hunger
 Conjure Flame            Conj/Fire      #.......     36%         3    ###....
 Slow                     Hex            #.......     32%         2    ###....
 Blink                    Tloc           N/A          26%         2    ###....
 Call Imp                 Summ           #.......     26%         2    ###....


Dungeon Overview and Level Annotations

Branches:
Dungeon (4/15)
 Temple: D:4-7

Altars:
Nemelex Xobeh

Annotations:
D:3 Zorot's ghost, amateur DEFE


Innate Abilities, Weirdness & Mutations

You are too large for most types of armour.
You have claws for hands.
Your metabolism is lightning-fast.
You like to eat raw meat.
Your natural rate of healing is unusually fast.
You are covered in fur. (AC +1)
You have very tough skin. (AC +2)


Message History

You scratch the scorpion.
The scorpion is severely wounded.
You feel sick. The scorpion closely misses you.
It was a potion of curing.
You feel better. The scorpion stings you.
You scratch the scorpion but do no damage.
The scorpion is severely wounded.
The scorpion stings you but does no damage.
You closely miss the scorpion.
The scorpion is severely wounded.
The scorpion stings you!
* * * LOW HITPOINT WARNING * * *
You scratch the scorpion.
You kill the scorpion!
You have reached level 5!
You scratch the bullfrog skeleton.
The bullfrog skeleton is lightly damaged.
The bullfrog skeleton hits you.
* * * LOW HITPOINT WARNING * * *
The bullfrog skeleton hits you.
You die...

#.# #.# #.# #.#
#.# #<# #.# #
#.# .# #@# #.##
#######Z##...##
....<...#.....##
########.......#
#.....(...
..........#
#.###...$.## ...
....## ### .#.##


You could see a bullfrog skeleton.

Vanquished Creatures
  A scorpion (D:4)
  A bullfrog zombie (D:2)
  4 adders
  An ooze (D:1)
  3 dart slugs
  3 leopard geckos
  4 bats
  3 giant cockroaches
  4 goblins (D:2)
  5 hobgoblins
  5 jackals (D:2)
  A quokka (D:2)
  A ball python (D:2)
  4 frilled lizards
  9 kobolds
  5 rats
54 creatures vanquished.

Notes
Turn   | Place    | Note
-------+----------+-------------------------------------------
     0 | D:1      | KristoblXynda the Troll Wizard began the quest for the Orb.
     0 | D:1      | Reached XP level 1. HP: 16/16 MP: 2/2
    49 | D:1      | Reached skill level 1 in Conjurations
    57 | D:1      | Reached skill level 1 in Unarmed Combat
    73 | D:1      | Reached XP level 2. HP: 14/24 MP: 4/4
   857 | D:2      | Reached XP level 3. HP: 31/31 MP: 5/5
   903 | D:2      | Learned a level 3 spell: Mephitic Cloud
   939 | D:2      | Reached skill level 2 in Unarmed Combat
  1069 | D:2      | Reached XP level 4. HP: 39/39 MP: 6/6
  1257 | D:2      | Reached skill level 3 in Unarmed Combat
  1483 | D:3      | Noticed Zorot's ghost (amateur DEFE)
  1627 | D:3      | Found a sparkling altar of Nemelex Xobeh.
  1769 | D:4      | Reached XP level 5. HP: 7/45 MP: 7/7
  1770 | D:4      | HP: 2/45 [bullfrog skeleton (6)]
  1770 | D:4      | Slain by a bullfrog skeleton

Vault maps used:
D:1:      lemuel_arrival_river_bridge, serial_co_window_serial,
          co_window_of_opportunity_a, co_window_paths_a, co_window_paths_a,
          co_window_paths_b, co_window_corner_a, co_window_of_opportunity_b,
          co_window_broadway_b, co_window_unsneaky_path_b, co_window_paths_e,
          glass_columns_b, glass_columns_a, glass_columns_c, glass_columns_a
D:3:      lemuel_doored_altar
D:4:      good_gods_mini_temple, marbit_many_paths, lemuel_round_altar,
          kennysheep_mini, item_on_display_a

Skill      XL: |  1  2  3  4 |
---------------+-------------+-----
Conjurations   | 1 2 |  2.8
Unarmed Combat | 1 2 3 |  3.5
Dodging        | |  1.5
Stealth        | |  1.0
Spellcasting   | |  2.0
Summonings     | |  0.6
Translocations | |  0.6

Action                   |  1- 3 |  4- 6 || total
-------------------------+-------+-------++-------
Melee: Unarmed           |   139 |    50 ||   189
       Punch             |       |     1 ||     1
  Use: Scroll            |       |     4 ||     4
       Potion            |       |     1 ||     1
  Eat: Chunk             |    15 |     6 ||    21
Armor: Robe              |    61 |    21 ||    82
Dodge: Dodged            |    50 |    18 ||    68

Table legend:
 A = Spawn XP
 B = Non-spawn XP
 C = Spawn XP percentage of total XP
 D = Spawn monster count
 E = Non-spawn monster count
 F = Spawn count percentage of total count
 G = Total turns spent on level
                    A         B        C        D         E        F      G
               +---------+---------+-------+---------+---------+-------+---------
         Total |       0 |     260 |   0.0 |       0 |      54 |   0.0 |  1770
               +---------+---------+-------+---------+---------+-------+---------
           D:1 |       0 |      37 |   0.0 |       0 |      17 |   0.0 |   835
           D:2 |       0 |     128 |   0.0 |       0 |      28 |   0.0 |   505
           D:3 |       0 |      12 |   0.0 |       0 |       7 |   0.0 |   402
           D:4 |       0 |      83 |   0.0 |       0 |       2 |   0.0 |    28
               +---------+---------+-------+---------+---------+-------+---------
